AoeStats
← Lord_Wilfredo

Nomad

509508409Analyzed
4v4 RM · 4d ago on Sep 27, 2026· 52m 31s· 8 players
Game mode
Random Map
Map size
231×231
Population
200
Speed
Normal
Resources
Standard
Victory
Conquest
Starting age
Dark Age
Ending age
Imperial Age
RankedLock teamsTeams togetherTeam positionsShared explorationLock speedFull tech treeHidden civsTurbo modeCheats
Victory
Defeat
🇨🇴 Burmese · Colombia
1485
+14
🇺🇸 Mongols · United States
1462
+15
🇺🇸 Persians · United States
1451
+15
🇺🇸 Magyars · United States
1429
+16
🇹🇼 Tatars · Taiwan
1537
-19
🇦🇷 Bulgarians · Argentina
1424
-15
🇩🇴 Poles · Dominican Republic
1396
-13
🇦🇷 Teutons · Argentina
1380
-13
busy pushing deer
14:45 Feudal Age
15:51 Double-Bit Axe
16:10 Stone Mining
16:36 Gold Mining
18:49 Castle Age
17:34 Scale Barding Armor
17:15 Fishing Lines
18:28 Loom
19:18 Wheelbarrow
18:29 Town Watch
19:47 Bow Saw
24:53 Fletching
26:10 Ballistics
26:14 Bodkin Arrow
26:20 Padded Archer Armor
28:59 Husbandry
29:10 Bloodlines
34:48 Thumb Ring
41:04 Imperial Age
38:49 Horse Collar
40:00 Gillnets
42:04 Hand Cart
41:55 Bracer
43:00 Chemistry
44:10 Parthian Tactics
44:02 Leather Archer Armor
43:35 Elite Mangudai
46:05 Capped Ram
49:25 Siege Engineers
50:39 Gold Shaft Mining
50:41 Stone Shaft Mining
50:39 Nomads
50:59 Drill
51:00 Conscription
el manuck
4:44 Loom
13:52 Feudal Age
17:40 Castle Age
17:38 Fletching
17:37 Double-Bit Axe
18:22 Bodkin Arrow
24:20 Husbandry
24:26 Horse Collar
29:04 Ballistics
30:18 Padded Archer Armor
32:16 Wheelbarrow
38:42 Imperial Age
38:30 Bow Saw
38:11 Gold Mining
39:53 Parthian Tactics
39:14 Capped Ram
39:35 Pikeman
40:21 Halberdier
41:18 Scale Mail Armor
52:10 Heavy Plow
Istar
3:16 Loom
15:19 Feudal Age
21:20 Castle Age
19:52 Fletching
27:17 Padded Archer Armor
35:14 Wheelbarrow
34:25 Town Watch
36:42 Town Patrol
37:49 Hand Cart
37:27 Fishing Lines
41:41 Gold Mining
41:42 Stone Mining
45:05 Imperial Age
43:05 Scale Barding Armor
43:11 Forging
43:23 Manipur Cavalry
44:45 Gold Shaft Mining
44:35 Chain Barding Armor
44:33 Bodkin Arrow
46:13 Iron Casting
45:11 Elite Battle Elephant
45:52 Husbandry
46:02 Bloodlines
46:29 Plate Barding Armor
46:15 Conscription
46:02 Howdah
47:00 Bracer
48:01 Blast Furnace
48:39 Ballistics
49:16 Devotion
49:10 Horse Collar
49:54 Heavy Plow
50:22 Faith
51:47 Chemistry
51:14 Manipur Cavalry
51:50 Scale Mail Armor
51:37 Gambesons
51:52 Squires
51:38 Arson
51:14 Man-at-Arms
52:50 Chain Mail Armor
machpatel
5:02 Loom
14:38 Feudal Age
20:14 Castle Age
32:52 Horse Collar
33:32 Double-Bit Axe
35:19 Wheelbarrow
34:53 Heavy Plow
36:35 Bow Saw
37:06 Hand Cart
36:40 Town Watch
39:09 Gold Mining
39:10 Stone Mining
42:05 Imperial Age
39:46 Scale Barding Armor
41:58 Chain Barding Armor
41:49 Forging
41:54 Elite War Elephant
42:55 Conscription
42:38 Husbandry
42:48 Bloodlines
46:37 Plate Barding Armor
46:38 Iron Casting
48:32 Light Cavalry
49:22 Devotion
51:07 Gold Shaft Mining
51:07 Stone Shaft Mining
PoLaiNas
2:55 Loom
14:30 Feudal Age
19:07 Castle Age
17:30 Double-Bit Axe
17:29 Horse Collar
18:16 Town Watch
34:26 Bow Saw
44:17 Bloodlines
45:16 Wheelbarrow
47:56 Husbandry
48:45 Padded Archer Armor
48:38 Fletching
48:15 Light Cavalry
49:31 Scale Barding Armor
49:25 Bodkin Arrow
Lord_Wilfredo
5:23 Loom
12:23 Feudal Age
13:26 Fletching
22:13 Fishing Lines
30:38 Castle Age
30:29 Double-Bit Axe
32:34 Bow Saw
38:04 Horse Collar
39:54 Gillnets
43:08 Wheelbarrow
49:14 Imperial Age
47:14 Hand Cart
47:18 Town Watch
47:02 Pikeman
47:42 Squires
48:15 Gambesons
48:42 Scale Mail Armor
48:52 Forging
49:29 Chain Mail Armor
49:42 Chain Mail Armor
49:32 Padded Archer Armor
49:37 Arson
49:23 Halberdier
50:54 Plate Mail Armor
50:39 Leather Archer Armor
51:00 Iron Casting
52:42 Chemistry
Roooooooo
10:58 Loom
13:34 Feudal Age
17:16 Castle Age
16:24 Double-Bit Axe
18:24 Bow Saw
18:36 Horse Collar
18:39 Fishing Lines
19:09 Medium Warships
23:17 Wheelbarrow
22:46 Heavy Plow
22:50 Fletching
23:45 Stone Mining
29:24 Scale Barding Armor
29:29 Forging
30:36 Chain Barding Armor
31:38 Gold Mining
33:00 Iron Casting
33:23 Bloodlines
33:14 Husbandry
37:20 Imperial Age
36:53 Hand Cart
36:24 Town Watch
38:39 Plate Barding Armor
38:09 Scale Mail Armor
39:15 Blast Furnace
37:58 Elite Keshik
39:18 Conscription
43:44 Gold Shaft Mining
45:02 Block Printing
46:07 Illumination
Marthyn
4:46 Loom
11:36 Feudal Age
13:09 Forging
14:47 Arson
16:09 Double-Bit Axe
16:35 Horse Collar
17:29 Scale Barding Armor
24:51 Castle Age
23:28 Bloodlines
24:06 Scale Mail Armor
24:54 Light Cavalry
25:36 Squires
26:10 Chain Mail Armor
27:14 Gambesons
28:56 Iron Casting
30:56 Fletching
31:42 Wheelbarrow
31:36 Bodkin Arrow
32:50 Chain Barding Armor
Connection lost

Rejoining the realm…

Still unreachable

The connection could not be restored.

Session expired

The server has moved on; the page needs a fresh start.